 Dungeon Crawl Stone Soup version 0.31-a0-150-g89dc3ad700 (webtiles) character file.

Game seed: 11032397630354150905

447 Ijustatesigmund the Stinger (level 7, -1/43 HPs)
             Began as an Octopode Venom Mage on June 8, 2023.
             Slain by a gnoll
             ... wielding a +0 flail
              (9 damage)
             ... on level 4 of the Dungeon.
             The game lasted 00:09:39 (4042 turns).

Ijustatesigmund the Stinger (Octopode Venom Mage)   Turns: 4042, Time: 00:09:40

Health: -1/43      AC:  1    Str:  8    XL:     7   Next: 3%
Magic:  2/11       EV: 13    Int: 19    God:
Gold:   127        SH:  5    Dex: 12    Spells: 2/12 levels left

rFire   . . .        f - +0 hand axe (heavy)
rCold   + . .        (no shield)
rNeg    . . .        (helmet restricted)
rPois   .            g - amulet of reflection
rElec   .            j - ring of protection from cold
rCorr   .            (no ring)
SInv    .            (no ring)
Will    .....        (no ring)
Stlth   +++          (no ring)
HPRegen 0.27/turn    (no ring)
MPRegen 0.12/turn    (no ring)
                     (no ring)

%: reflection
@: no status effects
A: almost no armour, amphibious, 8 rings, camouflage 1, gelatinous body 1,
(nimble swimmer 1), tentacles
a: no special abilities


You were on level 4 of the Dungeon.
You visited 1 branch of the dungeon, and saw 4 of its levels.

You collected 127 gold pieces.

Inventory:

Hand Weapons
 f - a +0 heavy hand axe (weapon)
Jewellery
 g - an amulet of reflection (around mantle)
 j - a ring of protection from cold (left tentacle)
Wands
 c - a wand of flame (9)
Scrolls
 e - 2 scrolls of enchant armour
 h - 2 scrolls of identify
Potions
 a - a potion of magic
 b - a potion of curing
 d - 2 potions of ambrosia
 i - a potion of resistance {unknown}


   Skills:
 - Level 1.5 Fighting
 - Level 2.0 Dodging
 - Level 2.6 Stealth
 - Level 3.2 Spellcasting
 - Level 1.9 Conjurations
 - Level 1.2 Transmutations
 - Level 2.3 Air Magic
 + Level 6.9 Poison Magic


You had 2 spell levels left.
You knew the following spells:

 Your Spells              Type           Power      Damage    Failure   Level
a - Sting                 Tmut/Pois      72%        1d6       2%          1
b - Poisonous Vapours     Pois/Air       40%        N/A       3%          2
c - Mephitic Cloud        Conj/Pois/Air  17%        N/A       10%         3
d - Olgreb's Toxic Radia  Pois           29%        N/A       9%          4

Your spell library contained the following spells:

 Spells                   Type           Power      Damage    Failure   Level
 Wereblood                Tmut           7%         N/A       14%         2
 Necrotise                Necr           12%        1d4       16%         1
 Momentum Strike          Conj/Tloc      12%        3d8       16%         2
 Blink                    Tloc           6%         N/A       22%         2
 Lesser Beckoning         Tloc           6%         N/A       22%         2
 Sublimation of Blood     Necr           3%         N/A       22%         2
 Vampiric Draining        Necr           3%         2d6       41%         3
 Agony                    Necr           3%         N/A       99%         5
 Summon Hydra             Summ           1%         N/A       100%        7


Dungeon Overview and Level Annotations

Branches:
Dungeon (4/15)
 Temple: D:4-7

Altars:
The Shining One

Shops:
D:3 (


Innate Abilities, Weirdness & Mutations

You cannot wear most types of armour.
You are amphibious.
You can wear up to eight rings at the same time.
Your skin changes colour to match your surroundings (Stealth+).
Your rubbery body absorbs attacks. (AC +1, EV +1)
((You are camouflaged when in or above water. (Stealth+)))
You have tentacles for arms and can constrict up to eight enemies at once.


Message History

You have reached level 7!
Casting: Olgreb's Toxic Radiance (quite dangerous; 9% risk of failure)
Confirm with . or Enter, or press ? or * to list all spells.
Aiming: Poisonous Vapours (safe; 3% risk of failure)
Press: ? - help, Dir - move target, f - gnoll
Aim: a gnoll, wielding a +0 flail Poisonous vapours surround the gnoll!
The gnoll is poisoned.
The ufetubus barely misses you. You block the ufetubus's attack.
The ufetubus hits you. The ufetubus barely misses you.
You hit the ufetubus. You grab the ufetubus.
The ufetubus is moderately wounded.
You constrict the ufetubus. The ufetubus completely misses you.
The ufetubus closely misses you.
A gnoll comes into view. It is wielding a +0 flail.
The ufetubus hits you. You block the ufetubus's attack.
The ufetubus misses you. The ufetubus hits you.
The gnoll shouts!
You slash the ufetubus!
You kill the ufetubus!
You hear a shout!
The gnoll looks more healthy.
You block the gnoll's attack.
An adder comes into view.
Casting: Poisonous Vapours (safe; 3% risk of failure)
Confirm with . or Enter, or press ? or * to list all spells.
The spell is quite dangerous to miscast (9% risk of failure)!
Continue anyway? [Y]es or [N]o only, please.
The spell is quite dangerous to miscast (9% risk of failure)!
Continue anyway?
You begin to radiate toxic energy.
The adder hisses angrily.
The adder is poisoned.
The gnoll is poisoned. x2
You block the gnoll's attack.
A gnoll comes into view. It is wielding a +0 spear.
You slash the gnoll!
You kill the gnoll!
The gnoll is poisoned.
Your toxic aura wanes.
The gnoll hits you from afar with a +0 spear! x2
* * * LOW HITPOINT WARNING * * *
The gnoll hits you with a +0 flail!
You die...

#.####..#.#.#
#.........†.##
#######.#.#..##
#.#.....#
#.###.#..#
#.###.# ....
#.#...# .#..
.####.###.# ...
.......g@.# ..
.#####g##.# .
#. ### gg #..
#.. #.. #..


You could see 2 gnolls.

Vanquished Creatures
  A black bear (D:4)
  A scorpion (D:3)
  A crimson imp (D:3)
  A hound (D:4)
  Ijyb (D:3)
  Natasha (thrice) (D:2)
  2 gnolls (D:4)
  5 adders
  An ufetubus (D:4)
  A worm (D:2)
  4 dart slugs
  An orc (D:3)
  5 bats
  8 endoplasms
  2 giant cockroaches
  5 goblins
  2 hobgoblins
  2 jackals (D:4)
  2 quokkas (D:4)
  5 ball pythons
  3 frilled lizards
  A goblin skeleton (D:3)
  A goblin zombie (D:3)
  2 hobgoblin zombies (D:3)
  12 kobolds
  3 kobold skeletons (D:3)
  An orc zombie (D:3)
  4 rats
80 creatures vanquished.

Notes
Turn   | Place    | Note
-------+----------+-------------------------------------------
     0 | D:1      | Ijustatesigmund the Octopode Venom Mage began the quest for
                  | the Orb.
     0 | D:1      | Reached XP level 1. HP: 11/11 MP: 3/3
   136 | D:1      | Reached XP level 2. HP: 18/18 MP: 0/5
   200 | D:1      | Learned a level 2 spell: Poisonous Vapours
   677 | D:1      | Reached skill level 1 in Fighting
  1044 | D:2      | Reached skill level 4 in Poison Magic
  1044 | D:2      | Reached XP level 3. HP: 10/23 MP: 3/6
  1249 | D:2      | Noticed Natasha
  1258 | D:2      | Killed Natasha
  1259 | D:2      | Reached skill level 1 in Air Magic
  1292 | D:1      | Learned a level 3 spell: Mephitic Cloud
  1422 | D:2      | Reached XP level 4. HP: 28/28 MP: 2/7
  1807 | D:2      | Noticed Natasha
  1813 | D:2      | Killed Natasha
  2134 | D:2      | Noticed Natasha
  2144 | D:2      | Killed Natasha
  2145 | D:2      | Reached skill level 1 in Conjurations
  2145 | D:2      | Reached XP level 5. HP: 19/33 MP: 1/9
  2787 | D:3      | Reached skill level 5 in Poison Magic
  2787 | D:3      | Reached XP level 6. HP: 38/38 MP: 10/10
  2794 | D:3      | Learned a level 4 spell: Olgreb's Toxic Radiance
  2846 | D:3      | Found a glowing golden altar of the Shining One.
  2890 | D:3      | Noticed Ijyb
  2920 | D:3      | Killed Ijyb
  3128 | D:3      | Found Nuh Vut's Antique Weapon Shop.
  3533 | D:4      | Noticed a black bear
  3539 | D:4      | Killed a black bear
  3540 | D:4      | Reached skill level 6 in Poison Magic
  4038 | D:4      | Reached XP level 7. HP: 36/43 MP: 7/11
  4042 | D:4      | Slain by a gnoll

Illustrated notes

Levels and vault maps discovered:
D:1:      mrwooster_arrival_statue_2, layout_basic
D:2:      layout_rooms, chequers_serial_rivers_small_a, kennysheep_donut,
          uniq_natasha
D:3:      layout_loops_ring, nicolae_tso_besieged_by_evil, serial_shops, shop,
          minmay_misc_feat_plants, uniq_ijyb
D:4:      layout_basic, grunt_ministairs_2

Skill      XL: |  1  2  3  4  5  6 |
---------------+-------------------+-----
Fighting       | 1 |  1.5
Poison Magic   | 4 5 6 |  6.9
Air Magic      | 1 2 |  2.3
Conjurations   | 1 |  1.9
Spellcasting   | 3 |  3.2
Dodging        | |  2.0
Stealth        | |  2.6
Transmutations | |  1.2

Action                     |  1- 3 |  4- 6 |  7- 9 || total
---------------------------+-------+-------+-------++-------
  Melee: Unarmed           |    23 |       |       ||    23
         Tentacles         |    11 |    17 |       ||    28
         Constrict         |    10 |    27 |     1 ||    38
         Whip              |    22 |    79 |       ||   101
         Hand axe          |       |    14 |     3 ||    17
         Mace              |       |    11 |       ||    11
         Punch             |       |     1 |       ||     1
   Cast: Sting             |    26 |       |       ||    26
         Poisonous Vapours |     6 |    31 |     1 ||    38
         Olgreb's Toxic Ra |       |     3 |     1 ||     4
    Use: Scroll            |     2 |     5 |       ||     7
         Potion            |       |     4 |       ||     4
   Stab: Sleeping          |     2 |     5 |       ||     7
         Invisible         |       |     1 |       ||     1
 Armour: Skin              |     4 |    13 |       ||    17
  Dodge: Dodged            |    37 |    46 |     5 ||    88
  Block: Other             |       |    22 |     4 ||    26

Table legend: (Time is in decaauts)
 A = Elapsed time spent in this place.
 B = Non-inter-level travel time spent in this place.
 C = Inter-level travel time spent in this place.
 D = Time resting spent in this place.
 E = Time spent auto-exploring this place.
 F = Levels seen in this place.
 G = Mean time per level.
                   A        B        C        D        E       F      G
               +--------+--------+--------+--------+--------+-----+--------+
         Total |   4069 |   3874 |    195 |    908 |   2356 |   4 | 1017.2 |
       Dungeon |   4069 |   3874 |    195 |    908 |   2356 |   4 | 1017.2 |
               +--------+--------+--------+--------+--------+-----+--------+

Top non-repeatable levels by time:
     D:3: 1201 daAuts
     D:1: 1177 daAuts
     D:2: 1159 daAuts
     D:4: 530 daAuts
